Map: Submarine LE

Players

Liquidthermy (uThermal)

  • Race: Terran Terran
  • Spawn Location: 5:00

INnoVation - Winner!

  • Race: Terran Terran
  • Spawn Location: 11:00

Event: StayAtHomestory Cup #2

VOD

Have the link to the VOD?

Description

Time

  • Played on: June 12, 2020, 9 a.m.
  • Length: 9:46

All games in this series

Show
View Real Time Build Order
Export as new Build Order

Liquidthermy Terran 

Build Orders:  

Get SALT Encoding   

  12  0:01  SCV  
  13  0:13  SCV  
  14  0:17  Supply Depot  
  14  0:25  SCV  
  14  0:27  Refinery  
  15  0:39  SCV  
  16  0:44  Barracks  
  16  0:51  SCV  
  16  0:54  Refinery  
  17  1:03  SCV  
  18  1:15  SCV  
  19  1:31  Reaper, Orbital Command  
  20  1:34  Factory  
  20  1:43  Supply Depot  
  20  1:56  SCV  
  21  2:03  Reaper  
  22  2:09  SCV  
  23  2:18  Hellion  
  25  2:24  Command Center  
  25  2:26  SCV  
  26  2:36  Barracks Reactor  
  26  2:40  Hellion  
  26  2:42  Starport  
  28  2:48  Supply Depot  
  28  2:49  SCV  
  29  3:02  SCV  
  29  3:03  Factory Tech Lab  
  30  3:12  Marine x2  
  32  3:14  SCV  
  33  3:22  Cyclone  
  33  3:25  Medivac  
  33  3:26  SCV  
  39  3:35  Marine x2  
  39  3:36  Orbital Command  
  39  3:38  SCV  
  42  3:42  Refinery  
  42  3:53  Marine  
  42  3:54  Cyclone  
  44  3:56  SCV  
  44  4:02  Marine  
  41  4:09  SCV  
  40  4:11  SCV, Marine  
  40  4:16  Starport Tech Lab  
  41  4:20  Marine  
  41  4:21  SCV  
  41  4:23  SCV  
  42  4:28  Marine  
  43  4:33  SCV  
  43  4:35  SCV  
  43  4:36  Raven  
  43  4:38  Marine  
  47  4:45  SCV  
  49  4:47  Cyclone  
  49  4:52  SCV, Supply Depot  
  53  4:55  Marine  
  48  5:00  Marine  
  45  5:13  Marine  
  45  5:15  SCV  
  43  5:23  Marine  
  41  5:34  Marine  
  45  5:37  SCV  
  45  5:39  SCV  
  45  5:41  Siege Tank  
  47  5:43  Marine  
  47  5:49  SCV  
  49  5:51  SCV, Marine  
  47  6:01  SCV, Marine  
  47  6:03  SCV  
  44  6:07  Raven  
  44  6:09  Marine  
  47  6:13  SCV  
  47  6:15  SCV  
  49  6:19  Marine, Siege Tank  
  53  6:26  SCV  
  53  6:27  Marine  
  53  6:28  SCV  
  53  6:31  Supply Depot  
  56  6:37  Marine  
  56  6:38  SCV  
  58  6:40  SCV  
  58  6:45  Marine  
  60  6:50  SCV  
  60  6:52  SCV  
  60  6:53  Command Center  
  62  6:55  Supply Depot  
  62  6:58  Raven  
  64  7:02  SCV  
  64  7:04  SCV  
  64  7:05  Marine  
  64  7:06  Supply Depot  
  67  7:11  Marine  
  67  7:14  SCV  
  69  7:16  SCV  
  69  7:17  Supply Depot  
  69  7:20  Siege Tank  
  73  7:26  SCV, Marine  
  73  7:28  SCV  
  73  7:29  Marine  
  77  7:43  SCV x2  
  79  7:47  Starport Reactor  
  79  7:52  Siege Tank  
  79  7:53  Barracks  
  79  7:54  Barracks  
  79  7:55  SCV x2  
  79  7:57  Marine  
  85  7:59  Stimpack  
  85  8:04  Refinery  
  85  8:07  SCV  
  85  8:08  SCV  
  87  8:14  Marine  
  87  8:19  SCV  
  88  8:20  SCV  
  88  8:24  Siege Tank  
  92  8:31  SCV, Starport Reactor  
  92  8:32  SCV, Marine  
  87  8:42  Marine  
  87  8:43  SCV, Marine  
  87  8:44  Supply Depot, Engineering Bay  
  87  8:45  Engineering Bay  
  87  8:48  Orbital Command  
  90  8:50  Marine  
  90  8:52  Marine x2  
  74  8:56  Siege Tank  
  74  9:00  Marine  
  74  9:01  Marine  
  79  9:08  Marine  
  79  9:09  Marine  
  77  9:10  Marine  
  77  9:12  Medivac  
  77  9:14  Medivac  
  80  9:18  Marine  
  80  9:19  Marine  
  78  9:26  Marine  
  78  9:27  Marine  
Show
View Real Time Build Order
Export as new Build Order

INnoVation Terran - Winner!

Build Orders: 1/1/1, Liberator Opening 

Get SALT Encoding   

  12  0:00  SCV  
  13  0:13  SCV  
  14  0:17  Supply Depot  
  14  0:25  SCV  
  14  0:27  Refinery  
  15  0:38  SCV  
  16  0:44  Barracks  
  16  0:50  SCV  
  16  0:54  Refinery  
  17  1:03  SCV  
  18  1:15  SCV  
  19  1:31  Orbital Command  
  19  1:33  Barracks Reactor  
  19  1:34  Factory  
  19  1:45  Supply Depot  
  19  1:57  SCV  
  20  2:09  SCV, Reaper x2  
  23  2:18  Hellion  
  23  2:19  Starport  
  23  2:21  SCV  
  26  2:27  Supply Depot  
  26  2:33  SCV  
  27  2:40  Hellion  
  27  2:41  Reaper  
  27  2:42  Reaper  
  31  2:49  SCV  
  32  2:56  Medivac  
  32  2:58  Supply Depot  
  34  3:03  Hellion  
  36  3:13  SCV, Reaper  
  36  3:14  Reaper  
  39  3:24  Supply Depot, Hellion  
  39  3:25  SCV  
  42  3:33  Liberator  
  45  3:46  Hellion  
  47  3:52  Reaper x2  
  47  4:08  SCV  
  42  4:10  Factory Tech Lab  
  42  4:11  Command Center  
  42  4:24  Marine x2  
  38  4:26  SCV  
  38  4:29  Starport Tech Lab  
  39  4:38  Siege Tank  
  41  4:39  SCV  
  41  4:41  Marine  
  41  4:42  Marine  
  44  4:46  Supply Depot  
  44  4:52  SCV  
  45  4:59  Marine x2  
  43  5:01  Raven  
  43  5:04  SCV  
  43  5:17  Marine x2  
  43  5:18  SCV  
  46  5:25  Siege Tank  
  46  5:30  SCV  
  46  5:33  Orbital Command  
  47  5:37  Marine x2  
  47  5:39  Refinery  
  47  5:42  SCV  
  50  5:47  Viking  
  52  5:54  SCV, Marine x2  
  54  6:02  Siege Tank  
  54  6:03  SCV  
  56  6:06  SCV  
  56  6:10  Command Center  
  57  6:12  Marine  
  57  6:13  Marine  
  57  6:16  SCV  
  57  6:18  SCV  
  61  6:24  Refinery  
  61  6:27  Raven  
  61  6:28  SCV  
  61  6:30  SCV, Marine x2  
  67  6:35  Supply Depot  
  67  6:41  SCV  
  67  6:42  SCV, Siege Tank  
  72  6:48  Marine x2  
  72  6:53  SCV  
  75  6:54  SCV  
  76  7:05  SCV  
  76  7:06  SCV  
  78  7:10  Barracks x2  
  78  7:16  Marine  
  78  7:18  Viking x2  
  78  7:19  Siege Tank  
  78  7:22  SCV  
  88  7:23  Orbital Command  
  88  7:24  SCV  
  88  7:26  Stimpack  
  85  7:39  SCV x2  
  85  7:41  Marine  
  88  7:45  Supply Depot  
  88  7:46  Orbital Command  
  88  7:48  Viking x2  
  92  7:52  SCV  
  92  7:53  SCV  
  92  7:57  Siege Tank  
  97  7:59  Barracks Reactor  
  97  8:00  Barracks Reactor  
  97  8:03  Engineering Bay x2  
  97  8:14  SCV  
  97  8:15  SCV x2  
  100  8:20  Viking  
  100  8:21  Viking  
  104  8:31  SCV x2  
  104  8:32  SCV  
  105  8:39  Marine x4  
  109  8:44  Supply Depot  
  109  8:45  Supply Depot  
  109  8:50  Marine  
  109  8:53  Siege Tank  
  109  8:55  SCV x3  
  109  9:08  Medivac x2  
  109  9:09  Marine x2  
  108  9:10  Marine x3  
  108  9:13  SCV x3  
  98  9:25  SCV x3  
Tags
 
Add a new tag
Caveats
  • Supply blocks, unpowered buildings, or Contaminate may cause inaccurate times.
  • Supply counts are checked every 10 seconds.